 Dungeon Crawl Stone Soup version 0.31-a0-229-g1fc7ce93e2 (webtiles) character file.

Game seed: 11025298124442143413

149 lunkers the Insei (level 5, -1/40 HPs)
             Began as a Meteoran Wanderer on July 6, 2023.
             Slain by a gnoll
             ... wielding a +0 club
              (4 damage)
             ... on level 3 of the Dungeon.
             The game lasted 00:05:13 (1199 turns).

lunkers the Insei (Meteoran Wanderer)               Turns: 1199, Time: 00:05:14

Health: -1/40      AC:  6    Str: 12    XL:     5   Next: 89%
Magic:  8/8        EV: 10    Int: 14    God:
Gold:   89         SH:  5    Dex: 16    Spells: 6/6 levels left

rFire   . .          .
                       - Unarmed
rCold   . . .        d - +0 buckler
rNeg    . . .        f - +0 robe
rPois   .            h - +0 helmet
rElec   .            n - +2 cloak
rCorr   .            (no gloves)
SInv    .            (no boots)
Will    .....        (no amulet)
Stlth   +            (no ring)
HPRegen 0.26/turn    (no ring)
MPRegen 0.11/turn

%: no passive effects
@: glowing
A: sense surroundings 1, otherworldly, glowing, explore regen
a: no special abilities


You were on level 3 of the Dungeon.
You visited 1 branch of the dungeon, and saw 3 of its levels.

You collected 89 gold pieces.

Inventory:

Hand Weapons
 a - a +0 falchion
Armour
 d - a +0 buckler (worn)
 f - a +0 robe (worn)
 h - a +0 helmet (worn)
 n - a +2 cloak (worn)
Jewellery
 o - an amulet of faith
Scrolls
 b - a scroll of blinking
 c - a scroll of summoning
 e - a scroll of silence
 i - 2 scrolls of identify
Potions
 g - 2 potions of curing
 j - 2 potions of might
 m - a potion of heal wounds


   Skills:
 - Level 1.1 Fighting
 - Level 1.2 Long Blades
 - Level 1.2 Armour
 - Level 3.6 Shields
 + Level 7.0 Unarmed Combat
 - Level 1.3 Spellcasting


You had 6 spell levels left.
You didn't know any spells.
Your spell library was empty.

Dungeon Overview and Level Annotations

Branches:
Dungeon (3/15) Zot: 615

Altars:


Innate Abilities, Weirdness & Mutations

You passively map a small area around you.
You are easily found by Zot.
You glow in the dark.
You regain HP and MP as you explore.


Message History

Welcome back, lunkers the Meteoran Wanderer.
Press ? for a list of commands and other information.
Welcome back, lunkers the Meteoran Wanderer.
Press ? for a list of commands and other information.
You block the gnoll's attack.
You hit the gnoll.
You kill the gnoll!
Your Unarmed Combat skill increases to level 7!
You barely miss the gnoll. The gnoll hits you with a +0 club.
* * * LOW HITPOINT WARNING * * *
You hit the gnoll.
The gnoll is moderately wounded.
The gnoll hits you with a +0 club.
* * * LOW HITPOINT WARNING * * *
You hit the gnoll but do no damage.
The gnoll is moderately wounded.
The gnoll hits you but does no damage.
You hit the gnoll but do no damage.
The gnoll is moderately wounded.
The gnoll hits you with a +0 club.
* * * LOW HITPOINT WARNING * * *
You hit the gnoll.
The gnoll is heavily wounded.
The gnoll hits you with a +0 club.
* * * LOW HITPOINT WARNING * * *
You barely miss the gnoll.
The gnoll is heavily wounded.
The gnoll hits you with a +0 club!
* * * LOW HITPOINT WARNING * * *
You hit the gnoll but do no damage.
The gnoll is heavily wounded.
The gnoll hits you with a +0 club.
* * * LOW HITPOINT WARNING * * *
You hit the gnoll but do no damage.
The gnoll is heavily wounded.
The gnoll closely misses you.
You hit the gnoll.
The gnoll is almost dead.
The gnoll hits you with a +0 club.
You die...

............<#.# #.#*
...............####.#
...........(...)....##
...............(.>...###
...............).......#
.................#####.##
..#.........##...#####..##
..........#####......##..#
..#.##.#.## ##@###.###.########
..#.#...[#######g# #.............
.......####......########.<......
.......# #........# * **###).....
###.#..# ...[.....# , #...... #
#.##.# .........#,,, #######
#.#### .......[.# , , #.#
.........# , ,, , ..#
.........#,,


You could see a gnoll.

Vanquished Creatures
  Robin (D:2)
  2 gnolls (D:3)
  5 adders
  A dart slug (D:2)
  4 ball pythons
  3 bats
  2 endoplasms (D:2)
  2 giant cockroaches (D:1)
  17 goblins
  8 hobgoblins
  4 jackals (D:1)
  A quokka (D:2)
  3 frilled lizards
  9 kobolds
  6 rats
68 creatures vanquished.

Notes
Turn   | Place    | Note
-------+----------+-------------------------------------------
     0 | D:1      | lunkers the Meteoran Wanderer began the quest for the Orb.
     0 | D:1      | lunkers set off with the following items: a +0 falchion, a
                  | scroll of blinking, a scroll of summoning, a +0 buckler, a
                  | scroll of silence, a +0 robe.
     0 | D:1      | Reached XP level 1. HP: 16/16 MP: 3/3
    45 | D:1      | Reached skill level 4 in Unarmed Combat
    45 | D:1      | Reached XP level 2. HP: 21/23 MP: 5/5
   187 | D:1      | Reached XP level 3. HP: 26/28 MP: 6/6
   235 | D:1      | Reached skill level 5 in Unarmed Combat
   445 | D:2      | Reached XP level 4. HP: 35/35 MP: 7/7
   445 | D:2      | Found a faded altar of an unknown god.
   496 | D:2      | Noticed Robin
   537 | D:2      | Killed Robin
   542 | D:2      | Reached skill level 6 in Unarmed Combat
   638 | D:2      | Reached XP level 5. HP: 39/40 MP: 8/8
  1191 | D:3      | Reached skill level 7 in Unarmed Combat
  1197 | D:3      | HP: 2/40 [gnoll/+0 club (3)]
  1199 | D:3      | Slain by a gnoll

Illustrated notes

Levels and vault maps discovered:
D:1:      saegor_arrival_simple_a, layout_basic, minmay_bisected
D:2:      layout_basic, ebering_ecumenical_altar_rust, minivault_14, uniq_robin
D:3:      layout_rooms, ebering_ghost_rock_garden

Skill      XL: |  1  2  3  4  5 |
---------------+----------------+-----
Unarmed Combat | 4 5 6 7 |  7.0
Fighting       | |  1.1
Long Blades    | |  1.2
Armour         | |  1.2
Shields        | |  3.6
Spellcasting   | |  1.3

Action                     |  1- 3 |  4- 6 || total
---------------------------+-------+-------++-------
  Melee: Unarmed           |   104 |   176 ||   280
    Use: Scroll            |       |     2 ||     2
         Potion            |       |     1 ||     1
 Armour: Robe              |    36 |    54 ||    90
  Dodge: Dodged            |    59 |    64 ||   123
  Block: Buckler           |    32 |    28 ||    60

Table legend: (Time is in decaauts)
 A = Elapsed time spent in this place.
 B = Non-inter-level travel time spent in this place.
 C = Inter-level travel time spent in this place.
 D = Time resting spent in this place.
 E = Time spent auto-exploring this place.
 F = Levels seen in this place.
 G = Mean time per level.
                   A        B        C        D        E       F      G
               +--------+--------+--------+--------+--------+-----+--------+
         Total |   1184 |   1110 |     74 |      0 |    595 |   3 |  394.7 |
       Dungeon |   1184 |   1110 |     74 |      0 |    595 |   3 |  394.7 |
               +--------+--------+--------+--------+--------+-----+--------+

Top non-repeatable levels by time:
     D:2: 600 daAuts
     D:1: 356 daAuts
     D:3: 227 daAuts
